 Dungeon Crawl Stone Soup version 0.19-a0-1933-g052ff51 (webtiles) character file.

142 Kaname the Digger (level 5, 0/35 HPs)
             Began as a Demonspawn Earth Elementalist on Oct 26, 2016.
             Was an Initiate of Okawaru.
             Slain by a goblin
             ... wielding a +0 club
              (3 damage)
             ... on level 3 of the Dungeon.
             The game lasted 00:11:42 (3698 turns).

Kaname the Digger (Demonspawn Earth Elementalist)   Turns: 3698, Time: 00:11:42

Health: 0/35       AC:  3    Str:  9    XL:     5   Next: 3%
Magic:  8/8        EV: 13    Int: 17    God:    Okawaru [......]
Gold:   55         SH:  0    Dex: 13    Spells: 2 memorised, 3 levels left

rFire  . . .     SeeInvis +     n - +0 rapier
rCold  . . .     Gourm    .     s - +0 leather armour
rNeg   . . .     Faith    .     (no shield)
rPois  .         Spirit   .     (no helmet)
rElec  .         Reflect  .     (no cloak)
rCorr  .         Harm     .     (no gloves)
MR     .....                    (no boots)
Stlth  ++........               (no amulet)
                                (no ring)
                                i - ring of see invisible

@: no status effects
A: repulsion field 1, powered by death 1
a: Renounce Religion


You were on level 3 of the Dungeon.
You worshipped Okawaru.
Okawaru was noncommittal.
You were hungry.

You visited 1 branch of the dungeon, and saw 3 of its levels.

You collected 55 gold pieces.

Inventory:

Hand Weapons
 n - a +0 rapier (weapon)
Missiles
 b - 86 stones (quivered)
Armour
 s - a +0 leather armour (worn)
Jewellery
 i - a ring of see invisible (left hand)
Wands
 p - a wand of acid (8/15)
Scrolls
 a - a scroll of teleportation
 k - a scroll of identify {unknown}
Potions
 f - a potion of cure mutation {unknown}
 j - a potion of magic {unknown}
 l - 2 potions of curing {unknown}
 m - 2 potions of heal wounds {unknown}
 o - a potion of lignification {unknown}
 r - a potion of flight {unknown}
Books
 e - a book of Geomancy

   Spells                             Type                      Level
   a - Sandblast                      Earth                        1
   b - Passwall                       Transmutation/Earth          2
   c - Stone Arrow                    Conjuration/Earth            3
   d - Petrify                        Transmutation/Earth          4
   e - Lee's Rapid Deconstruction     Earth                        5
Comestibles
 d - 2 bread rations
 g - a meat ration


   Skills:
 - Level 1.7 Dodging
 - Level 1.7 Stealth
 - Level 2.0 Spellcasting
 + Level 3.4 Conjurations
 - Level 0.8 Transmutations
 - Level 4.0 Earth Magic


You had 3 spell levels left.
You knew the following spells:

 Your Spells              Type           Power        Failure   Level  Hunger
b - Passwall              Tmut/Erth      #.........   17%         2    ###....
c - Stone Arrow           Conj/Erth      ##....       21%         3    ###....


Dungeon Overview and Level Annotations

Branches:
Dungeon (3/15)

Altars:
Ashenzari
Gozag
Kikubaaqudgha
Okawaru
Trog
Yredelemnul


Innate Abilities, Weirdness & Mutations

You are surrounded by a mild repulsion field. (EV +2)
You regenerate a little health from kills.


Message History

The goblin misses you. The goblin hits you but does no damage.
The goblin hits you but does no damage. The goblin misses you.
The goblin closely misses you. The goblin hits you with a club.
The goblin hits you but does no damage. The goblin hits you with a club.
* * * LOW HITPOINT WARNING * * *
The goblin hits you with a club.
* * * LOW HITPOINT WARNING * * *
The goblin misses you. The goblin hits you with a club.
* * * LOW HITPOINT WARNING * * *
The goblin misses you. The goblin hits you but does no damage.
The goblin hits you with a club.
* * * LOW HITPOINT WARNING * * *
The goblin hits you with a club.
You die...

## ##########.
#######.......#.#
.......)#####..##
#######.## #.## #
##...## #..##
#.#.######.....# #.#.#
#...g@.........###.##.
###.######.........###
#####.# #
#####.......####
......#
#......#..#.##..
#####.#
#......#........ .##
#.# #..............#
..# #.#
#......_.....#.#
..###.#
#...............
#.....#
###......♣.[_..#


You could see a goblin.

Vanquished Creatures
  Ijyb (D:2)
  An adder (D:2)
  An ooze (D:3)
  3 worms (D:2)
  3 dart slugs (D:1)
  3 leopard geckos
  2 giant cockroaches
  14 goblins
  4 hobgoblins
  10 jackals
  3 quokkas (D:2)
  9 bats
  6 frilled lizards
  9 kobolds
  13 rats
82 creatures vanquished.

Notes
Turn   | Place    | Note
-------+----------+-------------------------------------------
     0 | D:1      | Kaname the Demonspawn Earth Elementalist began the quest for the Orb.
     0 | D:1      | Reached XP level 1. HP: 13/13 MP: 3/3
    67 | D:1      | Reached skill level 3 in Earth Magic
   305 | D:1      | Gained mutation: You regenerate a little health from kills. [demonic ancestry]
   305 | D:1      | Reached XP level 2. HP: 13/19 MP: 3/5
   401 | D:1      | Learned a level 2 spell: Passwall
   904 | D:1      | Reached XP level 3. HP: 23/24 MP: 3/6
   911 | D:1      | Learned a level 3 spell: Stone Arrow
  1112 | D:1      | Reached skill level 4 in Earth Magic
  1698 | D:2      | Found a shattered altar of Ashenzari.
  1752 | D:2      | Reached skill level 1 in Conjurations
  2020 | D:2      | Reached XP level 4. HP: 30/30 MP: 5/7
  2029 | D:2      | Noticed Ijyb
  2137 | D:2      | Killed Ijyb
  2802 | D:2      | Noticed a moth of wrath
  2805 | D:2      | Found a bloodstained altar of Trog.
  3209 | D:3      | Found an iron altar of Okawaru.
  3261 | D:3      | Became a worshipper of Warmaster Okawaru
  3397 | D:3      | Found an ancient bone altar of Kikubaaqudgha.
  3399 | D:3      | Found an opulent altar of Gozag.
  3400 | D:3      | Found a basalt altar of Yredelemnul.
  3525 | D:3      | Gained mutation: You are surrounded by a mild repulsion field. (EV +2) [demonic ancestry]
  3525 | D:3      | Reached XP level 5. HP: 26/35 MP: 8/8
  3698 | D:3      | Slain by a goblin

Vault maps used:
D:1:      grunt_arrival_crossed_arrows
D:2:      kennysheep_the_goblin_king, tgw_trog, ashenzari_altar_1
D:3:      grunt_temple_overflow_open, hangedman_decor_riveting,
          serial_bayou_lagoon_a, okawaru_ov_weapons_minmay

Skill      XL: |  1  2  3  4 |
---------------+-------------+-----
Earth Magic    | 3 4 |  4.0
Conjurations   | 1 3 |  3.4
Dodging        | |  1.7
Stealth        | |  1.7
Spellcasting   | |  2.0
Transmutations | |  0.8

Action                   |  1- 3 |  4- 6 || total
-------------------------+-------+-------++-------
Melee: Unarmed           |    15 |       ||    15
       Short sword       |    55 |    98 ||   153
       Rapier            |       |     7 ||     7
 Cast: Sandblast         |    59 |    34 ||    93
       Stone Arrow       |       |     9 ||     9
  Use: Scroll            |     1 |     3 ||     4
 Stab: Sleeping          |     6 |       ||     6
  Eat: Chunk             |     4 |     7 ||    11
Armor: Robe              |    21 |     4 ||    25
       Leather armour    |       |    41 ||    41
Dodge: Dodged            |    70 |   121 ||   191
